 Seeded DCSS version 0.30.1-9-gdf580d7c3d (webtiles) character file.

Game seed: 7229806256980976716 (custom seed)

1 Psyclone the Stinger (level 1, 11/11 HPs)
             Began as an Octopode Venom Mage on Oct 3, 2023.
             Quit the game on level 1 of the Dungeon.
             The game lasted 00:00:08 (216 turns).

Psyclone the Stinger (Octopode Venom Mage)           Turns: 216, Time: 00:00:09

Health: 11/11      AC:  1    Str:  7    XL:     1   Next: 20%
Magic:  3/3        EV: 13    Int: 17    God:
Gold:   0          SH:  0    Dex: 12    Spells: 3/4 levels left

rFire   . . .        (no weapon)
rCold   . . .        (no shield)
rNeg    . . .        (helmet restricted)
rPois   .            (no amulet)
rElec   .            (no ring)
rCorr   .            (no ring)
SInv    .            (no ring)
Will    .....        (no ring)
Stlth   +++          (no ring)
HPRegen 0.21/turn    (no ring)
MPRegen 0.08/turn    (no ring)
                     (no ring)

%: no passive effects
@: no status effects
A: almost no armour, amphibious, 8 rings, camouflage 1, gelatinous body 1,
(nimble swimmer 1), tentacles
a: no special abilities


You were on level 1 of the Dungeon.
You visited 1 branch of the dungeon, and saw 1 of its levels.

Inventory:

Potions
 a - a potion of magic


   Skills:
 + Level 2.0 Dodging
 + Level 2.7 Stealth
 + Level 2.0 Spellcasting
 + Level 1.0 Transmutations
 + Level 3.6 Poison Magic


You had 3 spell levels left.
You knew the following spells:

 Your Spells              Type           Power      Damage    Failure   Level
a - Sting                 Tmut/Pois      36%        1d4       8%          1

Your spell library contained the following spells:

 Spells                   Type           Power      Damage    Failure   Level
 Poisonous Vapours        Pois/Air       14%        N/A       14%         2
 Mephitic Cloud           Conj/Pois/Air  5%         N/A       34%         3
 Olgreb's Toxic Radiance  Pois           14%        N/A       41%         4


Dungeon Overview and Level Annotations

Branches:
Dungeon (1/15) Zot: 5784

Altars:


Innate Abilities, Weirdness & Mutations

You cannot wear most types of armour.
You are amphibious.
You can wear up to eight rings at the same time.
Your skin changes colour to match your surroundings (Stealth+).
Your rubbery body absorbs attacks. (AC +1, EV +1)
((You are camouflaged when in or above water. (Stealth+)))
You have tentacles for arms and can constrict up to eight enemies at once.


Message History

You aren't wearing anything.
You aren't wearing anything.
Unknown command.
You aren't carrying any scrolls.
You aren't wearing anything.
Sorry, you're not good enough to have a special ability.
Unknown command.
You start waiting.
Done waiting.
You aren't carrying any scrolls.
You aren't wearing anything.
Sorry, you're not good enough to have a special ability.
Unknown command.
There are no items here.
Sorry, you're not good enough to have a special ability.
Unknown command.
You aren't wearing anything.
Unknown command.
There is a fountain of clear blue water here.
As you open the door, it creaks loudly!
You hear a shout!
There is an open door here.
Found 17 gold pieces.
A hobgoblin comes into view.
The hobgoblin attacks as you move away! The hobgoblin barely misses you.
The hobgoblin attacks as you move away! The hobgoblin barely misses you.
You barely miss the hobgoblin. You grab the hobgoblin.
You squeeze the hobgoblin, but do no damage.
You constrict the hobgoblin. The hobgoblin hits you.
You barely miss the hobgoblin. You squeeze the hobgoblin.
The hobgoblin is almost dead.
You constrict the hobgoblin, but do no damage.
The hobgoblin barely misses you.
You tentacle-slap the hobgoblin but do no damage.
You squeeze the hobgoblin.
You kill the hobgoblin!
Okay, then.
Found a throwing net.
Unknown command.
Unknown command.
Are you sure you want to abandon this character and quit the game? (Confirm with "yes".)

#.# .# #.# .#
#.# .# #.# ##.
#.# #.( #.# #.#
###.#
######.#####...#
#.....@........#
#..##+#+#'##..$#
###.#.#.###..#
##⌠.P.P.⌠##.##
##.......###.
##...<...## #.
########### #.
##♣..>..♣## ##
##.......##


There were no monsters in sight!

Vanquished Creatures
  A hobgoblin (D:1)
1 creature vanquished.

Notes
Turn   | Place    | Note
-------+----------+-------------------------------------------
     0 | D:1      | Psyclone the Octopode Venom Mage began the quest for the
                  | Orb.
     0 | D:1      | Reached XP level 1. HP: 11/11 MP: 3/3
   216 | D:1      | Quit the game

Illustrated notes

Levels and vault maps discovered:
D:1:      spicycebolla_arrival_ecumenical, layout_loops_ring

Action                     || total
---------------------------++-------
  Melee: Unarmed           ||     3
         Tentacles         ||     3
         Constrict         ||     1
  Dodge: Dodged            ||     3
